details: 'chaudevant does a pro militia tp'

« prev index next »

General information

Mini Map

Players

team 1
Random» Humanchaudevant (green | 22 APM | 175 actions | 08:06)
Hero icon 1 Blood Mage
Ability icon 1 Flame Strike

» actions
Basic commands2
Build / train20
Enter build submenu5
Enter hero's abilities submenu1
Right click77
Select / deselect59
Use ability11
175 total
» units
Peasant15
Footman3
18 total
» buildings
Farm3
Altar of Kings1
Barracks1
5 total
» build order
00:12 Farm
00:19 Altar of Kings
00:40 Barracks
00:54 Farm
02:13 Farm
OrcNlGGER.JUlCE (orange | 56 APM | 453 actions | 08:07)
Hero icon 1 Blademaster
Ability icon 1 Wind Walk

» actions
Assign group hotkey12
Basic commands32
Build / train28
Enter build submenu14
Enter hero's abilities submenu1
Remove unit from queue1
Right click92
Select / deselect133
Select group hotkey114
Use ability26
453 total
» units
Peon14
Troll Headhunter/Berserker7
21 total
» upgrades
Ranged Weapons1
Armor1
2 total
» buildings
Altar of Storms1
Orc Burrow3
Barracks1
War Mill1
Voodoo Lounge2
Stronghold1
Watch Tower2
Beastiary2
13 total
» build order
00:03 Altar of Storms
00:12 Orc Burrow
01:24 Barracks
02:01 Orc Burrow
02:21 War Mill
02:44 Voodoo Lounge
02:46 Voodoo Lounge
03:03 Orc Burrow
05:05 Stronghold
06:27 Watch Tower
07:16 Watch Tower
07:30 Beastiary
07:33 Beastiary
» items
Healing Salve1
1 total
Random» Undeadjayzee10 (pink | 24 APM | 192 actions | 08:06)
Hero icon 2 Crypt Lord
Ability icon 1 Carrion Beetles
Ability icon 1 Spiked Carapace

» actions
Assign group hotkey4
Build / train18
Enter build submenu9
Enter hero's abilities submenu2
Right click56
Select / deselect74
Select group hotkey19
Use ability10
192 total
» units
Acolyte3
Ghoul9
12 total
» upgrades
Unholy Strength1
1 total
» buildings
Altar of Darkness1
Ziggurat4
Graveyard1
Tomb of Relics1
Crypt2
Halls of the Dead1
10 total
» build order
00:16 Altar of Darkness
00:20 Ziggurat
00:50 Graveyard
01:17 Tomb of Relics
01:32 Ziggurat
01:43 Crypt
02:49 Crypt
03:33 Ziggurat
05:05 Ziggurat
06:27 Halls of the Dead
» items
Rod of Necromancy1
1 total
Random» OrcDr.GreenLeaf (blue | 37 APM | 299 actions | 08:06)
Hero icon 1 Blademaster
Ability icon 1 Critical Strike

» actions
Assign group hotkey1
Basic commands21
Build / train23
ESC pressed2
Enter build submenu14
Enter hero's abilities submenu1
Right click25
Select / deselect64
Select group hotkey135
Use ability13
299 total
» units
Peon10
Grunt8
18 total
» upgrades
Pillage1
Melee Weapons1
Armor1
3 total
» buildings
Altar of Storms1
Orc Burrow5
Voodoo Lounge3
War Mill1
Barracks2
Great Hall1
13 total
» build order
00:10 Altar of Storms
00:18 Orc Burrow
00:50 Orc Burrow
00:51 Orc Burrow
01:33 Voodoo Lounge
01:34 Voodoo Lounge
01:42 Voodoo Lounge
02:09 War Mill
02:35 Barracks
02:57 Barracks
03:06 Orc Burrow
04:29 Orc Burrow
05:43 Great Hall
team 2
Random» Born_in_USSR (red | 27 APM | 26 actions | 00:58)

» actions
Basic commands1
Enter build submenu2
Right click10
Select / deselect9
Use ability4
26 total
» buildings
Ziggurat1
Altar of Darkness1
2 total
» build order
00:13 Ziggurat
00:23 Altar of Darkness
Random» NightElfYoung_Busy (purple | 19 APM | 17 actions | 00:54)

» actions
Build / train6
Enter build submenu2
Right click3
Select / deselect4
Use ability2
17 total
» units
Wisp6
6 total
» buildings
Altar of Elders1
Moon Well1
2 total
» build order
00:09 Altar of Elders
00:13 Moon Well
Undeadorclang (yellow | 45 APM | 32 actions | 00:42)

» actions
Build / train2
Enter build submenu3
Right click11
Select / deselect13
Use ability3
32 total
» units
Acolyte2
2 total
» buildings
Ziggurat1
Crypt1
Altar of Darkness1
3 total
» build order
00:07 Ziggurat
00:17 Crypt
00:25 Altar of Darkness
Random» FGY8034H7034030 (teal | 0 APM | 0 actions | 08:06)

Chat log

(00:50 / All) Young_Busy: ...
(00:54 / All) NlGGER.JUlCE: what a faggot
(00:57 / All) NlGGER.JUlCE: I wanted a good game
(01:01 / Allies) jayzee10: lata
(01:04 / All) NlGGER.JUlCE: and to stab chaudevant
(01:04 / All) chaudevant: gg
(01:13 / All) NlGGER.JUlCE: now it's pointless
(01:29 / All) chaudevant: im gonna stab you b4
(01:30 / All) chaudevant: lol
(01:36 / All) NlGGER.JUlCE: I've stabbed you multiple times
(01:43 / All) NlGGER.JUlCE: usually with another stabber or two
(01:50 / All) chaudevant: uh ...lol
(01:59 / All) NlGGER.JUlCE: you can militia tp me if you want but it won't matter, you're not good enough to pull it off
(02:28 / All) chaudevant: i never got backstab by an orc
(02:29 / All) chaudevant: ....
(02:36 / All) NlGGER.JUlCE: i usually play Hu or Ud

(03:45 / All) chaudevant: pro
(03:47 / All) NlGGER.JUlCE: raped
(03:52 / All) chaudevant: k
(03:58 / All) NlGGER.JUlCE: you can leave now

(05:04 / All) NlGGER.JUlCE: that was a terrible militia rush. you should be ashamed

(06:56 / Allies) NlGGER.JUlCE: pro